 Dungeon Crawl Stone Soup version 0.30.0-29-ga12c61a403 (webtiles) character file.

Game seed: 12079535459105556550

21 Ijustatesigmund the Stinger (level 2, -2/18 HPs)
             Began as an Octopode Venom Mage on June 19, 2023.
             Slain by a gnoll
             ... wielding a +0 club
              (5 damage)
             ... on level 1 of the Dungeon.
             The game lasted 00:00:54 (785 turns).

Ijustatesigmund the Stinger (Octopode Venom Mage)    Turns: 785, Time: 00:00:54

Health: -2/18      AC:  1    Str:  7    XL:     2   Next: 83%
Magic:  1/5        EV: 13    Int: 17    God:
Gold:   48         SH:  0    Dex: 12    Spells: 2/5 levels left

rFire   . . .        (no weapon)
rCold   . . .        (no shield)
rNeg    . . .        (helmet restricted)
rPois   .            (no amulet)
rElec   .            (no ring)
rCorr   .            (no ring)
SInv    .            (no ring)
Will    .....        (no ring)
Stlth   +++          (no ring)
HPRegen 0.23/turn    (no ring)
MPRegen 0.09/turn    (no ring)
                     (no ring)

%: no passive effects
@: brilliant
A: almost no armour, amphibious, 8 rings, camouflage 1, gelatinous body 1,
(nimble swimmer 1), tentacles
a: no special abilities


You were on level 1 of the Dungeon.
You visited 1 branch of the dungeon, and saw 1 of its levels.

You collected 48 gold pieces.

Inventory:

Scrolls
 d - a scroll of acquirement {unknown}
Potions
 a - a potion of magic
 b - a potion of lignification {unknown}


   Skills:
 + Level 1.1 Fighting
 - Level 2.0 Dodging
 - Level 2.6 Stealth
 + Level 2.3 Spellcasting
 - Level 1.0 Transmutations
 + Level 0.5 Air Magic
 + Level 4.0 Poison Magic


You had 2 spell levels left.
You knew the following spells:

 Your Spells              Type           Power      Damage    Failure   Level
a - Sting                 Tmut/Pois      60%        1d6       7%          1
b - Poisonous Vapours     Pois/Air       28%        N/A       11%         2

Your spell library contained the following spells:

 Spells                   Type           Power      Damage    Failure   Level
 Mephitic Cloud           Conj/Pois/Air  10%        N/A       30%         3
 Olgreb's Toxic Radiance  Pois           23%        N/A       34%         4
 Ozocubu's Armour         Ice            2%         N/A       50%         3
 Metabolic Englaciation   Hex/Ice        1%         N/A       99%         5
 Simulacrum               Ice/Necr       1%         N/A       100%        6


Dungeon Overview and Level Annotations

Branches:
Dungeon (1/15)

Altars:


Innate Abilities, Weirdness & Mutations

You cannot wear most types of armour.
You are amphibious.
You can wear up to eight rings at the same time.
Your skin changes colour to match your surroundings (Stealth+).
Your rubbery body absorbs attacks. (AC +1, EV +1)
((You are camouflaged when in or above water. (Stealth+)))
You have tentacles for arms and can constrict up to eight enemies at once.


Message History

The helpless endoplasm fails to defend itself.
You tentacle-slap the endoplasm but do no damage.
The endoplasm hits you.
You tentacle-slap the endoplasm but do no damage.
You squeeze the endoplasm.
You kill the endoplasm!
No target in view!
No target in view!
A gnoll comes into view. It is wielding a +0 club.
Casting: Poisonous Vapours (safe; 11% risk of failure)
Confirm with . or Enter, or press ? or * to list all spells.
Aiming: Poisonous Vapours (safe; 11% risk of failure)
Press: ? - help, Dir - move target, f - gnoll
Aim: a gnoll, wielding a +0 club (asleep) Poisonous vapours surround the gnoll!
The gnoll is poisoned.
The gnoll shouts!
Casting: Poisonous Vapours (safe; 11% risk of failure)
Confirm with . or Enter, or press ? or * to list all spells.
Aiming: Poisonous Vapours (safe; 11% risk of failure)
Press: ? - help, Dir - move target, f/p - gnoll
Aim: a gnoll, wielding a +0 club (lightly wounded, poisoned) Poisonous vapours surround the gnoll!
The gnoll looks even sicker.
You tentacle-slap the gnoll but do no damage.
Your grab misses the gnoll. Your squeeze misses the gnoll.
The gnoll is moderately wounded.
The gnoll hits you with a +0 club!
You barely miss the gnoll. You grab the gnoll.
The gnoll is heavily wounded.
You constrict the gnoll, but do no damage.
The gnoll hits you with a +0 club!
* * * LOW HITPOINT WARNING * * *
You tentacle-slap the gnoll but do no damage.
The gnoll is heavily wounded.
You constrict the gnoll, but do no damage.
The gnoll closely misses you.
It was a potion of brilliance.
You feel clever all of a sudden.
You constrict the gnoll, but do no damage.
The gnoll hits you with a +0 club.
You die...

#......###. #####.##
#. #.# #. ##########.#
## #.......##.#####
#.#####.##......
###.#####.###.####
#...[..##.# #.# ##
#@#.##.##.# #.###.
#..g.#.......# #..###
#.####.......# ##..#.
.. #.##.#..# ###.. ##
#.##.#..# ##.
#.##.#..## #.
#######.#......# ####.
#..............###.'..
#............#.##.###.


You could see a gnoll (poisoned).

Vanquished Creatures
  A dart slug (D:1)
  A ball python (D:1)
  3 endoplasms (D:1)
  A giant cockroach (D:1)
  A goblin (D:1)
  A hobgoblin (D:1)
  A quokka (D:1)
  2 bats (D:1)
  2 frilled lizards (D:1)
  6 rats (D:1)
19 creatures vanquished.

Notes
Turn   | Place    | Note
-------+----------+-------------------------------------------
     0 | D:1      | Ijustatesigmund the Octopode Venom Mage began the quest for
                  | the Orb.
     0 | D:1      | Reached XP level 1. HP: 11/11 MP: 3/3
   290 | D:1      | Reached XP level 2. HP: 15/18 MP: 5/5
   293 | D:1      | Learned a level 2 spell: Poisonous Vapours
   605 | D:1      | Reached skill level 1 in Fighting
   699 | D:1      | Reached skill level 4 in Poison Magic
   785 | D:1      | Slain by a gnoll

Illustrated notes

Levels and vault maps discovered:
D:1:      dpeg_arrival_round_a, layout_loops_cross, serial_shops,
          nicolae_shop_statue_plus

Skill      XL: |  1  2 |
---------------+-------+-----
Fighting       | 1 |  1.1
Poison Magic   | 4 |  4.0
Dodging        | |  2.0
Stealth        | |  2.6
Spellcasting   | |  2.3
Transmutations | |  1.0
Air Magic      | |  0.5

Action                     || total
---------------------------++-------
  Melee: Unarmed           ||    45
         Constrict         ||    11
         Tentacles         ||    11
         Punch             ||     2
   Cast: Sting             ||     1
         Poisonous Vapours ||     9
    Use: Potion            ||     1
   Stab: Sleeping          ||     4
 Armour: Skin              ||     6
  Dodge: Dodged            ||    35
